 Dungeon Crawl Stone Soup version 0.16.0-17-g811c1d7 (webtiles) character file.

9519 Sorcv the Unseen (level 11, -2/64 HPs)
             Began as a Kobold Enchanter on Mar 20, 2015.
             Was a Believer of Ashenzari.
             Slain by a wolf (4 damage)
             ... on level 2 of the Lair of Beasts.
             The game lasted 00:37:25 (7138 turns).

Sorcv the Unseen (Kobold Enchanter)                 Turns: 7138, Time: 00:37:25

Health: -2/64      AC:  9    Str:  7    XL:     11   Next: 75%
Magic:  13/17      EV: 24    Int: 13    God:    Ashenzari [**....]
Gold:   111        SH:  0    Dex: 20    Spells: 4 memorised, 5 levels left

rFire  + . .     SeeInvis .     t - +2 dagger (venom) (curse)
rCold  + . .     Clarity  .     b - +1 robe
rNeg   . . .     SustAb   .     (no shield)
rPois  +         Gourm    .     y - +0 helmet
rElec  +         Spirit   .     o - +2 cloak (curse)
rCorr  +         Warding  .     H - +0 pair of gloves
rMut   .         Rnd*Tele +     L - +0 pair of boots (curse)
MR     .....                    (no amulet)
Stlth  ++++++++..               s - ring of flight
                                r - ring of teleportation (curse)

@: lethally poisoned (-2 -> -6), resistant, very slightly contaminated, not
resistant to hostile enchantments, extraordinarily stealthy
A: carnivore 3
a: Renounce Religion, Evoke Flight, Evoke Teleportation


You were on level 2 of the Lair of Beasts.
You worshipped Ashenzari.
Ashenzari was pleased with you.
You were hungry.

You visited 3 branches of the dungeon, and saw 13 of its levels.

You collected 408 gold pieces.
You spent 297 gold pieces at shops.

Inventory:

Hand weapons
 a - a +1 dagger
 l - a +0 blowgun
 t - a cursed +2 dagger of venom (weapon)
Missiles
 m - 6 poisoned needles
 q - 2 throwing nets (quivered)
Armour
 b - a +1 robe (worn)
 g - a +0 buckler
 o - a cursed +2 cloak (worn)
 y - a +0 helmet (worn)
 H - a +0 pair of gloves (worn)
 L - a cursed +0 pair of boots (worn)
Jewellery
 r - a cursed ring of teleportation (left hand)
 s - a ring of flight (right hand)
 E - an uncursed ring of teleport control
 K - a cursed ring of sustain abilities
Magical devices
 w - a wand of cold (13)
 D - a wand of magic darts (18)
 J - a wand of disintegration (5)
 M - a wand of teleportation (5)
 O - a wand of lightning (8)
Scrolls
 h - 3 scrolls of magic mapping
 i - 2 scrolls of remove curse
 k - 2 scrolls of enchant weapon {unknown}
 n - 12 scrolls of teleportation
 p - a scroll of noise {unknown}
 v - a scroll of enchant armour
 A - a scroll of curse jewellery
 B - 2 scrolls of holy word {unknown}
 G - 6 scrolls of identify
 N - 2 scrolls of fear {unknown}
Potions
 u - a potion of restore abilities
 z - a potion of cancellation
 F - 2 potions of agility
Books
 c - a book of Maledictions

   Spells                             Type                      Level
   a - Corona                         Hexes                        1
   b - Sure Blade                     Hexes/Charms                 2
   c - Ensorcelled Hibernation        Hexes/Ice                    2
   d - Confuse                        Hexes                        3
   e - Dazzling Spray                 Conjuration/Hexes            3
   f - Enslavement                    Hexes                        4
Comestibles
 d - 6 meat rations
 f - 2 beef jerkies
 x - 6 slices of pizza
 C - 2 royal jellies


   Skills:
 + Level 5.9 Fighting
 - Level 7.0(9.3) Short Blades
 - Level 10.0 Dodging
 * Level 17.2 Stealth
 - Level 2.0 Spellcasting
 - Level 5.1 Hexes
 - Level 2.0 Ice Magic


You had 5 spell levels left.
You knew the following spells:

 Your Spells              Type           Power        Failure   Level  Hunger
a - Corona                Hex            ##.....      3%          1    ##.....
b - Ensorcelled Hibernat  Hex/Ice        ##....       10%         2    ###....
c - Confuse               Hex            ##......     12%         3    ####...
d - Dazzling Spray        Conj/Hex       #.......     28%         3    ####...


Dungeon Overview and Level Annotations

Branches:
Dungeon (10/15)            Temple (1/1) D:4            Lair (2/8) D:10
    Orc: D:9-12

Altars:
Ashenzari
Cheibriados
Dithmenos
Elyvilon
Fedhas
Gozag
Kikubaaqudgha
Makhleb
Nemelex Xobeh
Okawaru
Qazlal
Ru
Sif Muna
Trog
Vehumet
Xom
Yredelemnul
Zin
The Shining One

Shops:
D:9 *[[=

Annotations:
D:3 Ijyb
D:5 Dowan; Duvessa; RobertPalmer's ghost, experienced OpSu
Lair:1 Hellisa's ghost, powerful DsTm


Innate Abilities, Weirdness & Mutations

You are small and have problems with some larger weapons.
You are carnivorous and can eat meat at any time.


Message History

* * * LOW HITPOINT WARNING * * *
You feel sick.
You swing at nothing.
* * * LOW HITPOINT WARNING * * *
You feel sick.
Drink which item? (? for menu, Esc to quit)
Okay, then.
Drink which item? (? for menu, Esc to quit)
Okay, then.
Read which item? (? for menu, Esc to quit)
Okay, then.
Evoke which item? (* to show all) (? for menu, Esc to quit)
Zapping:
J - a wand of disintegration (will waste charges)
Press: ? - help, Shift-Dir - straight line, f - wolf
Aim: a wolf (heavily wounded, poisoned, chance 65%)
The wolf struggles to resist.
Evoking this partially-identified wand wasted a few charges.
* * * LOW HITPOINT WARNING * * *
You feel sick. The wolf bites you.
You die...

P.#. * #ยง...##
#..##*##...## *
##.P#.###....#
P#....#.#.#..## ,
.............F#
,..............##
...............#
,..#.........h## *
#..........@#
##..........#.
###.##............#
..........+......##
##..#.#..#.......##
# #.....#.....#
..#........# * *
.#........# , ,
,#.......#*


You could see a spiny frog and a wolf.

Vanquished Creatures
  A hydra (D:8)
  2 hill giants (D:10)
  A gargoyle (D:10)
  A komodo dragon (Lair:1)
  Grinder (D:6)
  3 blink frogs (Lair:1)
  6 yaks
  A hungry ghost (D:4)
  Eustachio (D:5)
  A soldier ant (D:10)
  A deep elf mage (D:10)
  Edmund (D:4)
  Menkaure (D:6)
  3 wolves (Lair:2)
  2 porcupines
  A hippogriff (Lair:1)
  2 orc warriors
  An ice beast (D:8)
  3 sky beasts
  2 black bears
  A phantom (D:6)
  2 centaurs
  2 ogres
  6 giant frogs
  4 big kobolds
  A gnoll sergeant (D:8)
  A wyvern zombie (D:6)
  A wyvern skeleton (D:9)
  2 scorpions
  3 wights (D:8)
  11 killer bees (D:8)
  4 crimson imps (D:5)
  3 goliath beetles
  8 hounds
  A centaur zombie (D:8)
  3 giant frog zombies
  Crazy Yiuf (D:3)
  2 orc priests
  3 iguanas
  2 jellies
  A centaur skeleton (D:4)
  Natasha (D:3)
  4 orc wizards
  A hell rat (D:10)
  6 worker ants
  2 sheep (D:8)
  A hound skeleton (D:7)
  10 gnolls
  5 river rats
  6 adders
  2 shadow imps
  5 giant mites
  A worm (D:3)
  2 adder skeletons
  An adder zombie (D:6)
  2 giant geckos
  2 oozes
  20 orcs
  2 bat skeletons
  5 giant cockroaches
  9 hobgoblins
  16 jackals
  7 quokkas
  8 bats
  A giant gecko zombie (D:6)
  5 giant newts
  A giant spore (D:10)
  13 goblins
  A jackal zombie (D:10)
  11 kobolds
  A quokka skeleton (D:4)
  18 rats
  3 ballistomycetes (D:10)
269 creatures vanquished.

Notes
Turn   | Place    | Note
--------------------------------------------------------------
     0 | D:1      | Sorcv, the Kobold Enchanter, began the quest for the Orb.
     0 | D:1      | Reached XP level 1. HP: 10/10 MP: 3/3
   172 | D:1      | Reached XP level 2. HP: 15/15 MP: 4/4
   176 | D:1      | Learned a level 2 spell: Ensorcelled Hibernation
   357 | D:1      | Reached skill level 5 in Stealth
   706 | D:2      | Found a sparkling altar of Nemelex Xobeh.
   706 | D:2      | Found a blossoming altar of Fedhas.
   706 | D:2      | Found a basalt altar of Yredelemnul.
   815 | D:3      | Reached XP level 3. HP: 19/19 MP: 6/6
   843 | D:3      | Learned a level 3 spell: Confuse
  1112 | D:3      | Reached XP level 4. HP: 7/24 MP: 7/7
  1116 | D:3      | Reached skill level 6 in Stealth
  1174 | D:3      | Noticed Crazy Yiuf
  1181 | D:3      | Killed Crazy Yiuf
  1181 | D:3      | Reached skill level 1 in Ice Magic
  1317 | D:3      | Reached XP level 5. HP: 12/28 MP: 1/9
  1433 | D:2      | Reached skill level 7 in Stealth
  1472 | D:4      | Noticed a hungry ghost
  1980 | D:3      | Noticed Ijyb
  1981 | D:3      | Reached XP level 6. HP: 32/32 MP: 7/10
  2021 | D:3      | Noticed Natasha
  2030 | D:3      | Killed Natasha
  2047 | D:4      | Noticed a phantom
  2130 | D:4      | Reached skill level 8 in Stealth
  2236 | D:4      | Reached XP level 7. HP: 15/36 MP: 10/12
  2261 | D:4      | Killed a hungry ghost
  2261 | D:4      | Reached skill level 9 in Stealth
  2410 | D:4      | Noticed Edmund
  2416 | D:4      | Killed Edmund
  2416 | D:4      | Reached skill level 10 in Stealth
  2416 | D:4      | Reached skill level 5 in Hexes
  2570 | D:4      | Found a staircase to the Ecumenical Temple.
  2576 | Temple   | Entered the Ecumenical Temple
  2601 | Temple   | Became a worshipper of Ashenzari the Shackled
  2819 | D:5      | Entered Level 5 of the Dungeon
  2869 | D:5      | Noticed RobertPalmer's ghost (experienced OpSu)
  2971 | D:5      | Reached XP level 8. HP: 38/41 MP: 13/13
  3076 | D:5      | Noticed Eustachio
  3082 | D:5      | Killed Eustachio
  3361 | D:5      | Noticed Menkaure
  3362 | D:5      | Noticed Dowan
  3363 | D:5      | Noticed Duvessa
  3388 | D:6      | Killed Menkaure
  3388 | D:6      | Reached skill level 5 in Dodging
  3388 | D:6      | Reached skill level 11 in Stealth
  3424 | D:6      | Found a glowing silver altar of Zin.
  3491 | D:6      | Reached XP level 9. HP: 45/45 MP: 14/14
  3527 | D:6      | Noticed Grinder
  3544 | D:6      | Reached skill level 12 in Stealth
  3548 | D:6      | Paralysed by something for 2 turns
  3605 | D:6      | Killed Grinder
  3969 | D:6      | Reached skill level 13 in Stealth
  4379 | D:8      | Found a white marble altar of Elyvilon.
  4482 | D:8      | HP: 2/45 [orc warrior/glaive (20)]
  4490 | D:8      | HP: 1/45 [orc warrior/glaive (3)]
  4543 | D:8      | Gained mutation: You are partially covered in molten scales (AC +1). [potion of mutation]
  4543 | D:8      | Gained mutation: Your magical capacity is low (-10% MP). [potion of mutation]
  4543 | D:8      | Gained mutation: You can spit poison. [potion of mutation]
  4544 | D:8      | Gained mutation: You are clumsy. (Dex -2) [potion of mutation]
  4544 | D:8      | Lost mutation: Your magical capacity is low (-10% MP). [potion of mutation]
  4544 | D:8      | Gained mutation: You are partially covered in iridescent scales (AC +4). [potion of mutation]
  4730 | D:8      | Reached XP level 10. HP: 38/50 MP: 16/16
  4777 | D:8      | Reached skill level 14 in Stealth
  4928 | D:8      | Reached skill level 10 in Dodging
  4975 | D:8      | Reached skill level 1 in Fighting
  5129 | D:8      | Found an opulent altar of Gozag.
  5300 | D:8      | Noticed a three-headed hydra
  5304 | D:8      | Killed a three-headed hydra
  5304 | D:8      | Reached skill level 15 in Stealth
  5396 | D:9      | Found Ghabrir's Antique Armour Shop.
  5400 | D:9      | Bought a pair of gloves for 135 gold pieces
  5596 | D:9      | Found Neptet's Armour Shop.
  5614 | D:9      | Found Necuek's Jewellery Boutique.
  5697 | D:9      | Found Blaevaigh's Assorted Antiques.
  5705 | D:9      | Bought 2 silvery potions for 50 gold pieces
  5705 | D:9      | Bought a twisted glass wand for 112 gold pieces
  5927 | D:10     | Entered Level 10 of the Dungeon
  5977 | D:10     | Learned a level 3 spell: Dazzling Spray
  6003 | D:10     | Reached XP level 11. HP: 60/60 MP: 4/17
  6020 | D:10     | Reached skill level 5 in Short Blades
  6136 | D:10     | Found a radiant altar of Vehumet.
  6143 | D:10     | Found a staircase to the Lair.
  6174 | D:10     | Reached skill level 16 in Stealth
  6212 | D:10     | Noticed a hill giant
  6231 | D:10     | Killed a hill giant
  6265 | D:10     | Reached skill level 5 in Fighting
  6304 | D:10     | Noticed a gargoyle
  6311 | D:10     | Killed a gargoyle
  6397 | D:10     | Noticed a hill giant
  6402 | D:10     | Killed a hill giant
  6537 | D:10     | Noticed a hill giant
  6656 | Lair:1   | Entered Level 1 of the Lair of Beasts
  6676 | Lair:1   | Noticed Hellisa's ghost (powerful DsTm)
  6865 | Lair:1   | Reached skill level 17 in Stealth
  6874 | Lair:1   | Lost mutation: You can spit poison. [potion of cure mutation]
  6874 | Lair:1   | Lost mutation: You are clumsy. (Dex -2) [potion of cure mutation]
  6874 | Lair:1   | Lost mutation: You are partially covered in iridescent scales (AC +4). [potion of cure mutation]
  6874 | Lair:1   | Lost mutation: You are partially covered in molten scales (AC +1). [potion of cure mutation]
  6977 | Lair:2   | Acquired Ashenzari's first power
  7132 | Lair:2   | HP: 1/64 [spiny frog (10)]
  7138 | Lair:2   | HP: 2/64 [poisoned by a spiny frog]
  7138 | Lair:2   | Slain by a wolf

Action                   |  1- 3 |  4- 6 |  7- 9 | 10-12 || total
-------------------------+-------+-------+-------+-------++-------
Melee: Dagger            |   100 |    96 |   293 |   312 ||   801
 Fire: Blowgun           |     4 |       |       |       ||     4
 Cast: Ensorcelled Hiber |       |    22 |    36 |    62 ||   120
       Confuse           |       |     1 |    24 |     9 ||    34
       Corona            |       |       |     1 |       ||     1
       Dazzling Spray    |       |       |       |     5 ||     5
Evoke: Wand              |       |       |       |     1 ||     1
  Use: Potion            |     1 |     3 |     3 |     6 ||    13
       Scroll            |       |       |    15 |     1 ||    16
 Stab: Sleeping          |     9 |    15 |    30 |    47 ||   101
       Confused          |       |     1 |     9 |     2 ||    12
       Distracted        |       |       |     1 |     2 ||     3
  Eat: Meat ration       |       |     1 |       |       ||     1
       Chunk             |       |     8 |    14 |     8 ||    30
